 Dungeon Crawl Stone Soup version 0.22-a0-284-g99d1f74 (webtiles) character file.

526 grindst0ne the Covert (level 7, -11/32 HPs)
             Began as a Spriggan Enchanter on Mar 22, 2018.
             Was a Priest of Ru.
             Mangled by Menkaure (21 damage)
             ... in an ossuary.
             The game lasted 00:14:37 (4572 turns).

grindst0ne the Covert (Spriggan Enchanter)          Turns: 4572, Time: 00:14:38

Health: -11/32     AC:  2    Str:  4    XL:     7   Next: 2%
Magic:  0/12       EV: 22    Int: 17    God:    Ru [***...]
Gold:   118        SH:  0    Dex: 18    Spells: 5/11 levels left

rFire    . . .     SeeInvis +   a - +1 dagger
rCold    . . .     Gourm    .   (shield unavailable)
rNeg     . . .     Faith    .   b - +0 robe
rPois    .         Spirit   .   (helmet restricted)
rElec    .         Reflect  .   (no cloak)
rCorr    .         Harm     .   (gloves unavailable)
MR       +....                  (boots unavailable)
Stlth    ++++......             (no amulet)
HPRegen  0.10/turn              (ring unavailable)
MPRegen  0.13/turn              (no ring)

@: invisible, very quick
A: very small, unfitting armour, see invisible, herbivore, speed 3, slow
metabolism 2, missing a hand
a: Draw Out Power, Renounce Religion


You were in an ossuary.
You worshipped Ru.
Ru was most pleased with you.
You were near starving.

You visited 1 branch of the dungeon, and saw 4 of its levels.
You also visited: Ossuary.

You collected 118 gold pieces.

Inventory:

Hand Weapons
 a - a +1 dagger (weapon)
Armour
 b - a +0 robe (worn)
Jewellery
 i - an uncursed ring of wizardry {unknown}
Wands
 p - a wand of polymorph (15)
Scrolls
 c - 6 scrolls of identify {unknown}
 e - 3 scrolls of remove curse {unknown}
 f - a scroll of fog {unknown}
 g - 2 scrolls of teleportation {unknown}
 l - a scroll of enchant weapon {unknown}
 n - a scroll of magic mapping {unknown}
 r - a scroll of noise {unknown}
Potions
 h - a potion of ambrosia {unknown}
 j - a potion of heal wounds {unknown}
 k - a potion of invisibility
 m - 2 potions of haste {unknown}
 o - a potion of mutation {unknown}
 q - a potion of agility {unknown}


   Skills:
 - Level 1.1 Short Blades
 + Level 6.7 Dodging
 + Level 8.0 Stealth
 - Level 2.6 Spellcasting
 + Level 6.3 Hexes


You had 5 spell levels left.
You knew the following spells:

 Your Spells              Type           Power        Failure   Level  Hunger
a - Corona                Hex            ###....      1%          1    #......
b - Ensorcelled Hibernat  Hex/Ice        ##....       8%          2    ##.....
c - Confuse               Hex            ###.....     4%          3    ###....


Dungeon Overview and Level Annotations

Branches:
Dungeon (4/15)
 Temple: D:4-7

Altars:
Ru
The Shining One

Annotations:
D:4 1 runed door Ossuary Menkaure


Innate Abilities, Weirdness & Mutations

You are very small and have problems with some larger weapons.
You are too small for most types of armour.
You have supernaturally acute eyesight. (SInv)
You are a herbivore.
You cover ground extremely quickly.
You need to consume almost no food.
You are missing a hand.


Message History

Confirm with . or Enter, or press ? or * to list all spells.
Aiming: Confuse (safe; 4% risk of failure)
Press: ? - help, Shift-Dir - straight line, f/p - Menkaure
Aim: Menkaure (moderately damaged, fast, chance to defeat MR: 52%) Menkaure resists with significant effort.
You are near starving!
Menkaure completely misses you.
Menkaure murmurs drily.
Casting: Confuse (safe; 4% risk of failure)
Confirm with . or Enter, or press ? or * to list all spells.
Aiming: Confuse (safe; 4% risk of failure)
Press: ? - help, Shift-Dir - straight line, f/p - Menkaure
Aim: Menkaure (moderately damaged, fast, chance to defeat MR: 52%) Menkaure resists with significant effort.
Menkaure misses you.
It was a potion of invisibility.
You fade into invisibility!
Menkaure hits you!!
Ouch! That really hurt!
You die...

## #M.##..##..## # #..##..##..##
#..##..##..## #..##..##^.##
#..##..##..## #Z.##..##..##
##..##..##..##
###################..##.^##..##
....^...........@M....##..##..##
#########################..##..##
..........^.................##∩∩#
#################################


You could see Menkaure.

Vanquished Creatures
  An ice beast (D:4)
  An ogre (D:4)
  A hound (D:4)
  An orc priest (D:3)
  An orc wizard (D:3)
  A centaur skeleton (D:4)
  Terence (D:2)
  A worker ant (D:4)
  Robin (D:2)
  4 gnolls (D:3)
  3 adders
  An adder skeleton (D:4)
  A worm (D:2)
  A dart slug (D:1)
  2 leopard geckos
  7 orcs (D:3)
  5 giant cockroaches
  2 gnoll zombies (Ossuary)
  14 goblins
  12 hobgoblins
  4 jackals
  3 quokkas
  11 bats
  3 frilled lizards
  6 gnoll skeletons (Ossuary)
  2 goblin skeletons (Ossuary)
  A goblin zombie (Ossuary)
  3 hobgoblin zombies (Ossuary)
  9 kobolds
  3 kobold skeletons (Ossuary)
  2 kobold zombies (Ossuary)
  An orc skeleton (Ossuary)
  An orc zombie (Ossuary)
  5 rats
115 creatures vanquished.

Vanquished Creatures (others)
  A mummy (Ossuary)
  2 gnoll zombies (Ossuary)
  2 gnoll skeletons (Ossuary)
  3 goblin skeletons (Ossuary)
  3 goblin zombies (Ossuary)
  2 hobgoblin skeletons (Ossuary)
  2 hobgoblin zombies (Ossuary)
  A kobold zombie (Ossuary)
  2 orc skeletons (Ossuary)
  2 orc zombies (Ossuary)
  4 rat skeletons (Ossuary)
  4 rat zombies (Ossuary)
28 creatures vanquished.

Grand Total: 143 creatures vanquished

Notes
Turn   | Place    | Note
-------+----------+-------------------------------------------
     0 | D:1      | grindst0ne the Spriggan Enchanter began the quest for the Orb.
     0 | D:1      | Reached XP level 1. HP: 9/9 MP: 5/5
   337 | D:1      | Reached XP level 2. HP: 13/13 MP: 4/6
   355 | D:1      | Learned a level 2 spell: Ensorcelled Hibernation
   611 | D:1      | Reached skill level 5 in Stealth
  1207 | D:2      | Noticed Robin
  1221 | D:2      | Reached XP level 3. HP: 12/16 MP: 0/8
  1307 | D:2      | Found a sacrificial altar of Ru.
  2145 | D:2      | Reached XP level 4. HP: 21/21 MP: 2/9
  2180 | D:2      | Killed Robin
  2251 | D:2      | Became a worshipper of Ru the Awakened
  2441 | D:2      | Learned a level 3 spell: Confuse
  2543 | D:2      | Noticed Terence
  2549 | D:2      | Killed Terence
  2549 | D:2      | Reached skill level 6 in Stealth
  3091 | D:3      | Reached skill level 5 in Hexes
  3183 | D:3      | Reached skill level 5 in Dodging
  3183 | D:3      | Reached XP level 5. HP: 13/24 MP: 5/10
  3772 | D:3      | Reached skill level 7 in Stealth
  3879 | D:4      | Noticed an ice beast
  3882 | D:4      | Killed an ice beast
  3882 | D:4      | Reached XP level 6. HP: 21/28 MP: 6/11
  3893 | D:4      | Gained mutation: You are missing a hand. [Ru sacrifice]
  3893 | D:4      | Reached * piety under Ru
  3893 | D:4      | Reached ** piety under Ru
  3893 | D:4      | Reached *** piety under Ru
  4054 | D:4      | Found a glowing golden altar of the Shining One.
  4054 | D:4      | Found a runed door.
  4054 | D:4      | Noticed an angel
  4092 | D:4      | Reached skill level 8 in Stealth
  4107 | D:4      | Found a sand-covered staircase.
  4121 | Ossuary  | Entered an ossuary
  4147 | Ossuary  | Reached XP level 7. HP: 28/32 MP: 3/12
  4552 | Ossuary  | Noticed Menkaure
  4572 | Ossuary  | Mangled by Menkaure

Vault maps used:
D:1:      lightli_arrival_flooded_house
D:2:      old_standard_altar, uniq_robin, uniq_terence
D:4:      nicolae_ossuary_entry_ruins, serial_shops, shop, minmay_misc_feat_chi,
          lemuel_angel_altar
Ossuary:  ossuary_due_pyramid

Skill      XL: |  1  2  3  4  5  6 |
---------------+-------------------+-----
Hexes          | 4 5 6 |  6.3
Stealth        | 5 6 7 8 |  8.0
Dodging        | 4 5 6 |  6.7
Short Blades   | |  1.1
Spellcasting   | |  2.6

Action                   |  1- 3 |  4- 6 |  7- 9 || total
-------------------------+-------+-------+-------++-------
Melee: Dagger            |   147 |   145 |    86 ||   378
 Cast: Corona            |     4 |       |       ||     4
       Ensorcelled Hiber |    33 |    36 |       ||    69
       Confuse           |       |     4 |    12 ||    16
Invok: Sacrifice a Hand  |       |     1 |       ||     1
  Use: Potion            |       |       |     1 ||     1
 Stab: Sleeping          |    31 |    33 |     2 ||    66
       Confused          |       |     2 |     7 ||     9
       Distracted        |       |       |     1 ||     1
  Eat: Ration            |       |     2 |     1 ||     3
Armor: Robe              |    20 |    12 |     1 ||    33
Dodge: Dodged            |   145 |   124 |    45 ||   314

Table legend:
 A = Spawn XP
 B = Non-spawn XP
 C = Spawn XP percentage of total XP
 D = Spawn monster count
 E = Non-spawn monster count
 F = Spawn count percentage of total count
 G = Total turns spent on level
                    A         B        C        D         E        F      G
               +---------+---------+-------+---------+---------+-------+---------
         Total |       0 |     752 |   0.0 |       0 |     113 |   0.0 |  4572
               +---------+---------+-------+---------+---------+-------+---------
           D:1 |       0 |      37 |   0.0 |       0 |      21 |   0.0 |  1207
           D:2 |       0 |     125 |   0.0 |       0 |      36 |   0.0 |  1649
           D:3 |       0 |     195 |   0.0 |       0 |      27 |   0.0 |  1022
           D:4 |       0 |     374 |   0.0 |       0 |      10 |   0.0 |   243
       Ossuary |       0 |      21 |   0.0 |       0 |      19 |   0.0 |   451
               +---------+---------+-------+---------+---------+-------+---------
